 Dungeon Crawl Stone Soup version 0.30-a0-859-gf88a04b62d (webtiles) character file.

Game seed: 15601287409615680397

1565 cforsyth the Thaumaturge (level 8, -2/61 HPs)
             Began as a Deep Elf Earth Elementalist on Mar 6, 2023.
             Slain by an iguana (9 damage)
             ... on level 6 of the Dungeon on Mar 7, 2023.
             The game lasted 00:08:10 (5417 turns).

cforsyth the Thaumaturge (DEEE)                     Turns: 5417, Time: 00:08:10

Health: -2/61      AC: 24    Str:  4 (5)  XL:     8   Next: 59%
Magic:  14/22      EV:  2    Int: 21 (23) God:
Gold:   399        SH:  0    Dex: 14 (15) Spells: 16/24 levels left

rFire   . . .      SeeInvis .    (no weapon)
rCold   . . .      Faith    .    (no shield)
rNeg    . . .      Spirit   .    x - melded +1 robe {rN+}
rPois   +          Reflect  .    (helmet currently unavailable)
rElec   .          Rampage  .    l - melded +0 cloak
rCorr   .          NoTele   +    o - melded +2 pair of gloves
Will    .....                    (boots currently unavailable)
Stlth   +++                      (no amulet)
HPRegen 0.30/turn                (no ring)
MPRegen 0.18/turn                (no ring)

@: brilliant, tree-form, attractive
A: stationary, stasis, torment immunity, boosted hp
a: no special abilities


You were on level 6 of the Dungeon.
You were a tree.
You visited 1 branch of the dungeon, and saw 6 of its levels.

You collected 399 gold pieces.

Inventory:

Missiles
 t - a throwing net
Armour
 a - a +0 robe
 l - a +0 cloak (melded)
 o - a +2 pair of gloves (melded)
 x - a +1 robe of positive energy (melded)
Jewellery
 u - a ring of resist corrosion
Wands
 j - a wand of paralysis (6)
 n - a wand of digging (7)
 v - a wand of flame (3)
 w - a wand of acid (13)
Scrolls
 f - 2 scrolls of blinking {unknown}
 g - 7 scrolls of identify {unknown}
 h - 3 scrolls of fog
 i - 2 scrolls of poison {unknown}
 k - a scroll of amnesia {unknown}
 r - 2 scrolls of teleportation {unknown}
Potions
 b - a potion of magic
 c - a potion of invisibility {unknown}
 d - 2 potions of curing
 e - a potion of flight {unknown}
 m - a potion of brilliance
 q - a potion of degeneration


   Skills:
 - Level 5.0 Dodging
 - Level 5.2 Stealth
 + Level 8.6 Spellcasting
 - Level 4.0 Transmutations
 + Level 7.5 Earth Magic


You had 16 spell levels left.
You knew the following spells:

 Your Spells              Type           Power      Damage    Failure   Level
a - Sandblast             Erth           100%       2d20      1%          1
b - Stone Arrow           Conj/Erth      74%        3d11      4%          3
c - Petrify               Tmut/Erth      50%        N/A       7%          4

Your spell library contained the following spells:

 Spells                   Type           Power      Damage    Failure   Level
 Passwall                 Tmut/Erth      41%        N/A       1%          2
 Necrotise                Necr           52%        1d6       8%          1
 Shock                    Conj/Air       52%        1d6       8%          1
 Blink                    Tloc           26%        N/A       11%         2
 Lesser Beckoning         Tloc           26%        N/A       11%         2
 Momentum Strike          Conj/Tloc      26%        3d8       11%         2
 Ozocubu's Armour         Ice            13%        N/A       22%         3
 Swiftness                Air            13%        N/A       22%         3
 Vampiric Draining        Necr           13%        2d6       22%         3
 Airstrike                Air            6%         2d(1-17)  58%         4
 Agony                    Necr           13%        N/A       90%         5
 Ozocubu's Refrigeration  Ice            6%         4d8       100%        7


Dungeon Overview and Level Annotations

Branches:
Dungeon (6/15)
 Temple: D:4-7

Altars:
Nemelex Xobeh
Sif Muna

Shops:
D:2 (


Message History

Unknown command.
The blast of sand hits the orc warrior!
You kill the orc warrior!
The orc priest mumbles some strange prayers to Beogh against you.
Beogh smites you! The iguana barely misses you. The iguana bites you.
Unknown command.
As you read the scroll labelled GICKUIZADWO, it crumbles to dust.
The scroll dissolves into smoke.
It was a scroll of fog.
The orc priest closely misses you. The iguana bites you!
* * * LOW HITPOINT WARNING * * *
It was a potion of curing.
You feel better. The orc priest misses you. The iguana bites you!
* * * LOW HITPOINT WARNING * * *
The sky beast flickers out of sight!
Deactivating autopickup; reactivate with Ctrl-A.
It was a potion of brilliance.
You feel clever all of a sudden.
The iguana bites you but does no damage.
The orc priest hits you but does no damage.
It was a potion of degeneration.
There was something very wrong with that liquid.
You feel weakened.
You feel dopey.
You feel clumsy. The sleepcap barely misses you. The iguana barely misses you.
The orc priest closely misses you.
It was a potion of attraction.
You feel attractive to monsters. The sleepcap barely misses you.
The orc priest hits you but does no damage.
The iguana bites you.
* * * LOW HITPOINT WARNING * * *
It was a potion of lignification.
You turn into a tree.
Your +0 cloak melds into your body.
Your +2 pair of gloves melds into your body.
Your +1 robe of positive energy melds into your body.
You feel less protected from negative energy.
Your roots penetrate the ground.
The sleepcap releases spores at you but does no damage.
The orc priest hits you but does no damage.
The iguana bites you!
You die...

..###......##.# ....
#..##......)).# ....#
#.##...........
.....#####.#....†....##.
......................#.
......##.##............
.....{§##............#.#
....##l§§§......##...###
....)§o♣§§.......#....#
.#...§f§§§....#...#..##
##.###§§§...###..##.# #
##.#........####
#....#..... #..###...##
#..# (. ...


You could see a sleepcap, an iguana and an orc priest.

Vanquished Creatures
  2 orc warriors (D:6)
  A sky beast (D:6)
  A black bear (D:4)
  A phantom (D:5)
  A centaur (D:5)
  A bullfrog (D:6)
  Blork the orc (D:6)
  A gnoll sergeant (D:6)
  A howler monkey (D:5)
  3 jellies
  A gnoll bouda (D:5)
  An orc priest (D:4)
  2 hounds (D:5)
  Jessica (D:2)
  Natasha (thrice) (D:2)
  An iguana (D:5)
  5 orc wizards
  19 gnolls
  5 adders
  2 dart slugs (D:5)
  21 orcs
  7 ball pythons
  10 endoplasms
  6 giant cockroaches
  5 goblins
  3 hobgoblins
  8 jackals
  13 kobolds
  2 quokkas (D:4)
  5 bats
  4 frilled lizards
  3 rats
140 creatures vanquished.

Notes
Turn   | Place    | Note
-------+----------+-------------------------------------------
     0 | D:1      | cforsyth the Deep Elf Earth Elementalist began the quest
                  | for the Orb.
     0 | D:1      | Reached XP level 1. HP: 10/10 MP: 6/6
   245 | D:1      | Reached XP level 2. HP: 15/15 MP: 6/8
   668 | D:1      | Reached XP level 3. HP: 19/19 MP: 7/9
   846 | D:2      | Noticed Jessica
   850 | D:2      | Killed Jessica
  1178 | D:2      | Found a sparkling altar of Nemelex Xobeh.
  1186 | D:2      | Reached XP level 4. HP: 24/24 MP: 8/11
  1186 | D:2      | Noticed Natasha
  1189 | D:2      | Killed Natasha
  1210 | D:2      | Noticed Natasha
  1215 | D:2      | Killed Natasha
  1216 | D:2      | Reached skill level 4 in Spellcasting
  1271 | D:2      | Noticed Natasha
  1278 | D:2      | Killed Natasha
  1279 | D:2      | Reached XP level 5. HP: 26/28 MP: 6/13
  1528 | D:2      | Found Musioh's Weapon Shoppe.
  2042 | D:3      | Identified the +4 robe "Udeeti Kosku" {rF+}
  2759 | D:4      | Reached XP level 6. HP: 32/32 MP: 9/14
  2947 | D:4      | Found a shimmering blue altar of Sif Muna.
  3008 | D:4      | Reached skill level 5 in Spellcasting
  3240 | D:4      | Reached XP level 7. HP: 36/36 MP: 9/16
  3373 | D:4      | Reached skill level 5 in Stealth
  3555 | D:5      | Entered Level 5 of the Dungeon
  3646 | D:5      | Reached skill level 5 in Earth Magic
  3850 | D:5      | Reached skill level 5 in Dodging
  4052 | D:5      | Learned a level 3 spell: Stone Arrow
  4057 | D:5      | Learned a level 4 spell: Petrify
  4299 | D:5      | Reached skill level 6 in Spellcasting
  4898 | D:5      | Reached XP level 8. HP: 34/41 MP: 4/20
  4990 | D:5      | Reached skill level 7 in Spellcasting
  5281 | D:6      | Noticed Blork the orc
  5286 | D:6      | Killed Blork the orc
  5287 | D:6      | Reached skill level 8 in Spellcasting
  5417 | D:6      | Slain by an iguana

Illustrated notes

Levels and vault maps discovered:
D:1:      lightli_arrival_boilingwater, layout_basic,
          chequers_serial_rivers_micro_b
D:2:      layout_rooms, serial_shops, shop, basic_altar, serial_glass,
          glass_columns_c, glass_columns_c, uniq_natasha, uniq_jessica
D:3:      layout_basic
D:4:      layout_loops_ring, led_sif_book
D:5:      layout_basic, grunt_tough_drop
D:6:      layout_cave_pools, mainiacjoe_overflow_large_starburst,
          uniq_blork_the_orc

Skill      XL: |  1  2  3  4  5  6  7  8 |
---------------+-------------------------+-----
Dodging        | 3 4 5 |  5.0
Stealth        | 3 4 5 |  5.2
Transmutations | 2 3 4 |  4.0
Spellcasting   | 4 5 6 8 |  8.6
Earth Magic    | 4 6 7 |  7.5

Action                     |  1- 3 |  4- 6 |  7- 9 || total
---------------------------+-------+-------+-------++-------
  Melee: Unarmed           |       |       |     1 ||     1
   Cast: Sandblast         |    46 |    92 |    89 ||   227
         Stone Arrow       |       |       |    15 ||    15
    Use: Potion            |       |       |     5 ||     5
         Scroll            |       |       |     1 ||     1
 Armour: Robe              |     1 |    12 |    18 ||    31
         Skin              |       |       |     2 ||     2
  Dodge: Dodged            |     5 |    20 |    44 ||    69

Table legend: (Time is in decaauts)
 A = Elapsed time spent in this place.
 B = Non-inter-level travel time spent in this place.
 C = Inter-level travel time spent in this place.
 D = Time resting spent in this place.
 E = Time spent auto-exploring this place.
 F = Levels seen in this place.
 G = Mean time per level.
                   A        B        C        D        E       F      G
               +--------+--------+--------+--------+--------+-----+--------+
         Total |   5534 |   5407 |    127 |    441 |   4106 |   6 |  922.3 |
       Dungeon |   5534 |   5407 |    127 |    441 |   4106 |   6 |  922.3 |
               +--------+--------+--------+--------+--------+-----+--------+

Top non-repeatable levels by time:
     D:5: 1574 daAuts
     D:4: 1147 daAuts
     D:1: 867 daAuts
     D:3: 831 daAuts
     D:2: 786 daAuts
     D:6: 327 daAuts
